NCAA
NOTRE DAME FIGHTING IRISH @ SOUTH CAROLINA GAMECOCKS
04/28/2024
 
TOP OF THE 1ST
Notre Dame Fighting Irish batting - Pitching for South Carolina Gamecocks : LHP Robert Carpenter
Pitching: LHP Robert Carpenter
Batting: RHB António Muńóz 0-0: Foul Ball, location: 2F
0-1: Fly out, F8 (Flyball, 8LM)
Batting: SHB Joe Gallagher 0-0: Ball
1-0: Swinging Strike
1-1: Ball
2-1: Ball
3-1: Called Strike
3-2: Base on Balls
Batting: RHB Doug Coleman 0-0: Swinging Strike
0-1: Ball
1-1: Called Strike
1-2: SINGLE (Groundball, 6MD)
Joe Gallagher to second
Batting: RHB Tony Parker 0-0: Called Strike
0-1: Ball
1-1: Foul Ball, location: 2F
1-2: Fly out, F8 (Flyball, 8RM)
Batting: LHB George Smith 0-0: SINGLE (Line Drive, 34)
Joe Gallagher to third
Doug Coleman to second
Batting: RHB Jesús Santos 0-0: SINGLE (Line Drive, 8RS)
Joe Gallagher scores
Doug Coleman to third
George Smith to second
Throwing error, E8
Doug Coleman scores
George Smith to third
Jesús Santos to second
Batting: SHB Forest Cruz 0-0: Ball
1-0: Fly out, F6 (Popup, 6MS)
Top of the 1st over - 2 run(s), 3 hit(s), 1 error(s), 2 left on base; Notre Dame 2 - South Carolina 0
BOTTOM OF THE 1ST
South Carolina Gamecocks batting - Pitching for Notre Dame Fighting Irish : LHP Jeff Minnich
Pitching: LHP Jeff Minnich
Batting: LHB Josh Pérez 0-0: Ball
1-0: Called Strike
1-1: Ball
2-1: Swinging Strike
2-2: Strikes out looking
Batting: RHB Carl Johnston 0-0: Swinging Strike
0-1: Ball
1-1: Ball
2-1: Swinging Strike
2-2: Strikes out swinging
Batting: RHB Junior Adams 0-0: Called Strike
0-1: Called Strike
0-2: DOUBLE (Line Drive, 8RD)
Batting: RHB Doug O'Brien 0-0: Ball
1-0: Foul Ball, location: 2F
1-1: Ball
2-1: Foul Ball, location: 2F
2-2: Strikes out looking
Bottom of the 1st over - 0 run(s), 1 hit(s), 0 error(s), 1 left on base; Notre Dame 2 - South Carolina 0
TOP OF THE 2ND
Notre Dame Fighting Irish batting - Pitching for South Carolina Gamecocks : LHP Robert Carpenter
Batting: RHB Ron Walters 0-0: Called Strike
0-1: SINGLE (Line Drive, 6MD)
Batting: RHB Ralph Gentry 0-0: Ball
1-0: Fly out, F7 (Flyball, 7M)
Batting: RHB António Muńóz 0-0: Fielders Choice at 2nd, 3-6 (Groundball, 3)
Batting: SHB Joe Gallagher 0-0: Ball
1-0: Ball
2-0: Foul Ball, location: 2F
2-1: Foul Ball, location: 2F
2-2: Foul Ball, location: 2F
2-2: Foul Ball, location: 2F
2-2: Ball
António Muńóz steals 2nd base
3-2: Strikes out swinging
Top of the 2nd over - 0 run(s), 1 hit(s), 0 error(s), 1 left on base; Notre Dame 2 - South Carolina 0
BOTTOM OF THE 2ND
South Carolina Gamecocks batting - Pitching for Notre Dame Fighting Irish : LHP Jeff Minnich
Batting: RHB Lewis Carter 0-0: Swinging Strike
0-1: Ball
1-1: Foul Ball, location: 2F
1-2: Ball
2-2: Strikes out swinging
Batting: RHB Taylor Justice 0-0: Called Strike
0-1: Foul Ball, location: 2F
0-2: Fly out, F9 (Flyball, 9M)
Batting: RHB Clint Ratzlaff 0-0: Foul Ball, location: 2F
0-1: Ball
1-1: Ball
2-1: Foul Ball, location: 2F
2-2: Ball
3-2: Base on Balls
Batting: RHB José Zúńiga 0-0: Ball
1-0: Ball
2-0: Called Strike
2-1: Ground out 5-3 (Groundball, 56S)
Bottom of the 2nd over - 0 run(s), 0 hit(s), 0 error(s), 1 left on base; Notre Dame 2 - South Carolina 0
TOP OF THE 3RD
Notre Dame Fighting Irish batting - Pitching for South Carolina Gamecocks : LHP Robert Carpenter
Batting: RHB Doug Coleman 0-0: Called Strike
0-1: Ball
1-1: Ball
2-1: SINGLE (Line Drive, 8LS)
Batting: RHB Tony Parker 0-0: Ball
1-0: Ball
2-0: Swinging Strike
2-1: Ball
3-1: Foul Ball, location: 2F
3-2: Foul Ball, location: 2F
3-2: Foul Ball, location: 2F
3-2: Grounds into double play, 1-4-3 (Groundball, 15)
Batting: LHB George Smith 0-0: Ball
1-0: Fly out, F1 (Popup, 13S)
Top of the 3rd over - 0 run(s), 1 hit(s), 0 error(s), 0 left on base; Notre Dame 2 - South Carolina 0
BOTTOM OF THE 3RD
South Carolina Gamecocks batting - Pitching for Notre Dame Fighting Irish : LHP Jeff Minnich
Batting: RHB Gary Wyatt 0-0: Called Strike
0-1: Swinging Strike
0-2: Ball
1-2: Fly out, F9 (Popup, 34D)
Batting: LHB Josh Pérez 0-0: Called Strike
0-1: Foul Ball, location: 2F
0-2: Ball
1-2: Foul Ball, location: 2F
1-2: Ball
2-2: Ball
3-2: Foul Ball, location: 2F
3-2: Base on Balls
Batting: RHB Carl Johnston 0-0: Called Strike
0-1: Ball
Wild Pitch!
Josh Pérez to second
1-1: Ball
2-1: Foul Ball, location: 2F
2-2: Ball
3-2: Foul Ball, location: 2F
3-2: Fly out, F9 (Flyball, 89S)
Batting: RHB Junior Adams 0-0: Ball
1-0: Fly out, F2 (Popup, 3SF)
Bottom of the 3rd over - 0 run(s), 0 hit(s), 0 error(s), 1 left on base; Notre Dame 2 - South Carolina 0
TOP OF THE 4TH
Notre Dame Fighting Irish batting - Pitching for South Carolina Gamecocks : LHP Robert Carpenter
Batting: RHB Jesús Santos 0-0: Ball
1-0: Swinging Strike
1-1: Swinging Strike
1-2: Strikes out swinging
Batting: SHB Forest Cruz 0-0: Called Strike
0-1: Foul Ball, location: 2F
0-2: Ball
1-2: Ball
2-2: Ground out 1-3 (Groundball, 13)
Batting: RHB Ron Walters 0-0: Ball
1-0: Called Strike
1-1: Called Strike
1-2: Ball
2-2: Strikes out swinging
Top of the 4th over - 0 run(s), 0 hit(s), 0 error(s), 0 left on base; Notre Dame 2 - South Carolina 0
BOTTOM OF THE 4TH
South Carolina Gamecocks batting - Pitching for Notre Dame Fighting Irish : LHP Jeff Minnich
Batting: RHB Doug O'Brien 0-0: Ball
1-0: Ball
2-0: Called Strike
2-1: Swinging Strike
2-2: Ball
3-2: Base on Balls
Batting: RHB Lewis Carter 0-0: Ball
1-0: Foul Ball, location: 2F
1-1: Ball
2-1: Grounds into double play, 4-6-3 (Groundball, 4)
Batting: RHB Taylor Justice 0-0: Ball
1-0: Called Strike
1-1: Called Strike
1-2: Foul Ball, location: 2F
1-2: Ball
2-2: Foul Ball, location: 2F
2-2: Ball
3-2: Strikes out swinging
Bottom of the 4th over - 0 run(s), 0 hit(s), 0 error(s), 0 left on base; Notre Dame 2 - South Carolina 0
TOP OF THE 5TH
Notre Dame Fighting Irish batting - Pitching for South Carolina Gamecocks : LHP Robert Carpenter
Batting: RHB Ralph Gentry 0-0: Foul Ball, location: 2F
0-1: Ball
1-1: Ground out 6-3 (Groundball, 56)
Batting: RHB António Muńóz 0-0: Ball
1-0: Ball
2-0: Foul Ball, location: 2F
2-1: Fly out, F7 (Flyball, 78M)
Batting: SHB Joe Gallagher 0-0: Foul Ball, location: 2F
0-1: Ball
1-1: Foul Ball, location: 2F
1-2: Strikes out swinging
Top of the 5th over - 0 run(s), 0 hit(s), 0 error(s), 0 left on base; Notre Dame 2 - South Carolina 0
BOTTOM OF THE 5TH
South Carolina Gamecocks batting - Pitching for Notre Dame Fighting Irish : LHP Jeff Minnich
Batting: RHB Clint Ratzlaff 0-0: Ground out 5-3 (Groundball, 5S)
Batting: RHB José Zúńiga 0-0: Ball
1-0: Ball
2-0: Called Strike
2-1: Ball
3-1: Foul Ball, location: 2F
3-2: Fly out, F9 (Flyball, 89M)
Batting: RHB Gary Wyatt 0-0: Fly out, F3 (Popup, 23F)
Bottom of the 5th over - 0 run(s), 0 hit(s), 0 error(s), 0 left on base; Notre Dame 2 - South Carolina 0
TOP OF THE 6TH
Notre Dame Fighting Irish batting - Pitching for South Carolina Gamecocks : LHP Robert Carpenter
Batting: RHB Doug Coleman 0-0: Ball
1-0: Ball
2-0: Ball
3-0: Called Strike
3-1: Foul Ball, location: 2F
3-2: Strikes out looking
Batting: RHB Tony Parker 0-0: Ball
1-0: Fly out, F9 (Flyball, 9LD)
Batting: LHB George Smith 0-0: Ball
1-0: Called Strike
1-1: DOUBLE (Line Drive, 5D)
Pitching: RHP Bob Branch
Batting: RHB Jesús Santos 0-0: Ball
1-0: 2-RUN HOME RUN (Flyball, 7D), Distance : 348 ft
Batting: SHB Forest Cruz 0-0: Swinging Strike
0-1: Foul Ball, location: 2F
0-2: Foul Ball, location: 2F
0-2: Ball
1-2: Fly out, F6 (Popup, 6D)
Top of the 6th over - 2 run(s), 2 hit(s), 0 error(s), 0 left on base; Notre Dame 4 - South Carolina 0
BOTTOM OF THE 6TH
South Carolina Gamecocks batting - Pitching for Notre Dame Fighting Irish : LHP Jeff Minnich
Pitching: RHP Javier Ayala
Batting: LHB Josh Pérez 0-0: Foul Ball, location: 2F
0-1: Foul Ball, location: 2F
0-2: Ball
1-2: Ball
2-2: SINGLE (Flyball, 9S)
Batting: RHB Carl Johnston 0-0: Ball
1-0: Called Strike
Josh Pérez is caught stealing 2nd base
1-1: Ball
2-1: Swinging Strike
2-2: Foul Ball, location: 2F
2-2: Ground out 6-3 (Groundball, 6)
Batting: RHB Junior Adams 0-0: SINGLE (Groundball, 6)
Batting: RHB Doug O'Brien 0-0: Ball
1-0: Ball
2-0: Foul Ball, location: 2F
2-1: Called Strike
2-2: Fly out, F8 (Flyball, 8RD)
Bottom of the 6th over - 0 run(s), 2 hit(s), 0 error(s), 1 left on base; Notre Dame 4 - South Carolina 0
TOP OF THE 7TH
Notre Dame Fighting Irish batting - Pitching for South Carolina Gamecocks : RHP Bob Branch
Batting: RHB Ron Walters 0-0: SINGLE (Line Drive, 34D)
Batting: RHB Ralph Gentry 0-0: Bunted foul
0-1: Bunted foul
0-2: Ball
Wild Pitch!
Ron Walters to second
1-2: Ball
2-2: Ball
3-2: Foul Ball, location: 2F
3-2: Base on Balls
Batting: RHB António Muńóz 0-0: Sac Bunt - play at first, batter OUT! 1-4
Ron Walters to third
Ralph Gentry to second
Batting: SHB Joe Gallagher 0-0: Swinging Strike
0-1: Foul Ball, location: 2F
0-2: Ball
1-2: Ball
2-2: Ball
3-2: Strikes out swinging
Batting: RHB Doug Coleman 0-0: Called Strike
0-1: Called Strike
0-2: Reached on Error, E7 (Flyball, 78M)
Ron Walters scores
Ralph Gentry scores
Pitching: RHP Miguel Martínez
Batting: RHB Tony Parker 0-0: Ball
1-0: Called Strike
1-1: Ball
2-1: Ball
3-1: Base on Balls
Batting: LHB George Smith 0-0: Foul Ball, location: 2F
0-1: Ground out 3-1 (Groundball, 34)
Top of the 7th over - 2 run(s), 1 hit(s), 1 error(s), 2 left on base; Notre Dame 6 - South Carolina 0
BOTTOM OF THE 7TH
South Carolina Gamecocks batting - Pitching for Notre Dame Fighting Irish : RHP Javier Ayala
Batting: RHB Lewis Carter 0-0: Called Strike
0-1: Ball
1-1: Ball
2-1: SINGLE (Line Drive, 78S)
Batting: RHB Taylor Justice 0-0: Fly out, F6 (Line Drive, 6M)
Batting: RHB Clint Ratzlaff Pickoff Throw to First - Out!
0-0: Ball
1-0: TRIPLE (Flyball, 9LS)
Batting: RHB José Zúńiga 0-0: Swinging Strike
0-1: 2-RUN HOME RUN (Flyball, 7D), Distance : 353 ft
Batting: RHB Gary Wyatt 0-0: Ball
1-0: Ball
2-0: Foul Ball, location: 2F
2-1: Called Strike
2-2: Strikes out swinging
Bottom of the 7th over - 2 run(s), 3 hit(s), 0 error(s), 0 left on base; Notre Dame 6 - South Carolina 2
TOP OF THE 8TH
Notre Dame Fighting Irish batting - Pitching for South Carolina Gamecocks : RHP Miguel Martínez
Batting: RHB Jesús Santos 0-0: Ball
1-0: Ball
2-0: Ball
3-0: Called Strike
3-1: Ground out 3-1 (Groundball, 34)
Batting: SHB Forest Cruz 0-0: Ball
1-0: Ball
2-0: Called Strike
2-1: Foul Ball, location: 2F
2-2: Strikes out looking
Batting: RHB Ron Walters 0-0: Ball
1-0: Ball
2-0: Ball
3-0: Called Strike
3-1: Base on Balls
Batting: RHB Ralph Gentry 0-0: Ball
1-0: Called Strike
1-1: Reached on error, E2 (Groundball, 25)
Ron Walters to third
Batting: RHB António Muńóz 0-0: Ball
1-0: Called Strike
1-1: Fly out, F4 (Popup, 34D)
Top of the 8th over - 0 run(s), 0 hit(s), 1 error(s), 2 left on base; Notre Dame 6 - South Carolina 2
BOTTOM OF THE 8TH
South Carolina Gamecocks batting - Pitching for Notre Dame Fighting Irish : RHP Javier Ayala
Pitching: RHP Richard Thomas
Batting: LHB Josh Pérez 0-0: Called Strike
0-1: Called Strike
0-2: Foul Ball, location: 2F
0-2: Ball
1-2: Strikes out swinging
Batting: RHB Carl Johnston 0-0: Ball
1-0: Called Strike
1-1: Ball
2-1: Ball
3-1: Called Strike
3-2: Base on Balls
Batting: RHB Junior Adams 0-0: Ball
1-0: Swinging Strike
1-1: Ball
2-1: Ball
3-1: Called Strike
3-2: Strikes out swinging
Batting: RHB Doug O'Brien 0-0: Called Strike
0-1: Ball
1-1: Ball
2-1: Foul Ball, location: 2F
2-2: Foul Ball, location: 2F
2-2: Strikes out looking
Bottom of the 8th over - 0 run(s), 0 hit(s), 0 error(s), 1 left on base; Notre Dame 6 - South Carolina 2
TOP OF THE 9TH
Notre Dame Fighting Irish batting - Pitching for South Carolina Gamecocks : RHP Miguel Martínez
Pitching: RHP Eric Johnston
Batting: SHB Joe Gallagher 0-0: Called Strike
0-1: Fly out, F8 (Flyball, 8LS)
Batting: RHB Doug Coleman 0-0: Called Strike
0-1: Ball
1-1: Foul Ball, location: 2F
1-2: Ball
2-2: Ground out 3-1 (Groundball, 34)
Batting: RHB Tony Parker 0-0: Called Strike
0-1: Ball
1-1: Foul Ball, location: 2F
1-2: Ball
2-2: Fly out, F3 (Line Drive, 34)
Top of the 9th over - 0 run(s), 0 hit(s), 0 error(s), 0 left on base; Notre Dame 6 - South Carolina 2
BOTTOM OF THE 9TH
South Carolina Gamecocks batting - Pitching for Notre Dame Fighting Irish : RHP Richard Thomas
Batting: RHB Lewis Carter 0-0: Called Strike
0-1: Fly out, F9 (Flyball, 9M)
Batting: RHB Taylor Justice 0-0: Called Strike
0-1: Ball
1-1: Ball
2-1: Ground out 5-3 (Groundball, 56)
Batting: RHB Clint Ratzlaff 0-0: Called Strike
0-1: Ball
1-1: Swinging Strike
1-2: Ball
2-2: Ball
3-2: Fly out, F9 (Flyball, 9LM)
Bottom of the 9th over - 0 run(s), 0 hit(s), 0 error(s), 0 left on base; Notre Dame 6 - South Carolina 2
This league is powered by Out of the Park Baseball, the baseball management simulation game for PC, Mac and Linux
Saturday, April 9th, 2016 - OOTP Baseball 16.8 Build 38